cohdb
Replays
Latest Replays
All Replays
Popular Replays
Top Player Replays
Match Explorer
How It Works
Community
CoH3 Stats
Reddit
Sign in to upload your games and track your stats! →
Sign in with Steam
Match 42292517
Unlisted
Match 42292517
Overview
Messages
Build Orders
End
Construct Barracks
Selects Armored Battlegroup
Selects Assault Engineers
Assault Engineer Squad
Riflemen Squad
M1 Mortar Team
Construct Medical Station
Construct Weapon Support Center
Grenade Package
Riflemen Squad
Mechanized Support Center
Bazooka Squad
M1918 Browning Automatic Rifles
Selects Field Repairs
Riflemen Squad
Improved M9 Bazooka Rockets
Selects War Machine
M3 Armored Personnel Carrier
Construct Tank Depot
Selects Strength in Steel
M4(105) Sherman Bulldozer
Improvised Armor
Assault Engineer Squad
Selects Seek and Destroy
M3 Armored Personnel Carrier
Selects UNKNOWN (2160077)
Bazooka Squad
diritar
사람이왜살지
摩诘
神鹰
cbigney
Valdai
White pigs delete the game
Sailor
0
0
Comments
sign in to comment!
No comments posted yet!